 Dungeon Crawl Stone Soup version 0.31-a0-543-geaa9c7a2c0 (webtiles) character file.

Game seed: 18104424503729414575

39102 Gargoyl the Cleaver (level 14, -12/88 HPs)
             Began as a Gargoyle Berserker on Aug 15, 2023.
             Was an Elder of Trog.
             Engulfed by a cloud of flame (14 damage)
             ... in a volcano.
             The game lasted 00:22:00 (13322 turns).

Gargoyl the Cleaver (Gargoyle Berserker)           Turns: 13322, Time: 00:22:00

Health: -12/88     AC: 29    Str: 25    XL:     14   Next: 5%
Magic:  14/14      EV: 12    Int:  7    God:    Trog [****..]
Gold:   599        SH:  5    Dex: 11    Spells: 13/13 levels left

rFire   . . .        c - +7 broad axe (elec)
rCold   + . .        (no shield)
rNeg    + + +        u - +7 Kryia's mail coat {PotionHeal*2 rC+}
rPois   ∞            l - +2 hat {SInv}
rElec   +            (no cloak)
rCorr   .            (no gloves)
SInv    +            (no boots)
Will    +....        w - amulet of reflection
Stlth   +            z - ring of positive energy
HPRegen 0.34/turn    A - ring of positive energy
MPRegen 0.14/turn

%: reflection
@: on berserk cooldown, flying, slowed, very slow
A: sickness immunity, AC +10, big wings, negative energy resistance 1,
electricity resistance, torment resistance 1, petrification resistance
a: Renounce Religion, Berserk, Trog's Hand, Brothers in Arms


You were in a volcano.
You worshipped Trog.
Trog was greatly pleased with you.
You visited 2 branches of the dungeon, and saw 16 of its levels.
You also visited: Sewer and Volcano.

You collected 599 gold pieces.

Inventory:

Hand Weapons
 c - a +7 broad axe of electrocution (weapon)
 G - a +3 war axe of flaming
Missiles
 B - 15 poisoned darts (quivered)
Armour
 l - a +2 hat of see invisible (worn)
 u - the +7 Kryia's mail coat (worn) {PotionHeal*2 rC+}
   (You found it on level 4 of the Dungeon)

   PotionHeal*2: Potions heal its wearer twice as much.
   rC+:       It protects you from cold.
Jewellery
 b - a ring of willpower
 w - an amulet of reflection (around neck)
 z - a ring of positive energy (left hand)
 A - a ring of positive energy (right hand)
 D - a ring of fire
 E - a ring of protection from fire
Wands
 a - a wand of iceblast (4)
 e - a wand of paralysis (38)
 m - a wand of acid (13)
 q - a wand of flame (25)
 t - a wand of mindburst (29)
 F - a wand of polymorph (5)
Scrolls
 f - a scroll of enchant armour
 j - 4 scrolls of identify
 r - 3 scrolls of teleportation
 y - 4 scrolls of revelation
 C - a scroll of blinking
Potions
 d - 6 potions of curing
 g - 4 potions of heal wounds
 h - 6 potions of cancellation
 i - 2 potions of enlightenment
 k - 2 potions of degeneration {unknown}
 n - 2 potions of mutation {unknown}
 o - 5 potions of haste
 p - 4 potions of invisibility
 s - 2 potions of brilliance {unknown}
 v - a potion of ambrosia {unknown}
 x - a potion of magic
 H - 2 potions of resistance {unknown}


   Skills:
 + Level 10.7 Fighting
 + Level 3.8 Long Blades
 + Level 14.9 Axes
 + Level 1.2 Throwing
 * Level 13.2 Armour
 + Level 5.4 Dodging
 + Level 2.6 Stealth
 + Level 5.6 Shields


You had 13 spell levels left.
You didn't know any spells.
Your spell library was empty.

Dungeon Overview and Level Annotations

Branches:
Dungeon (11/15)            Temple (0/1) D:7            Lair (5/5) D:9
  Swamp (0/4) Lair:2       Spider (0/4) Lair:2        Slime (0/5) Lair:4
  Sewer (visited)         Volcano (1/1)
    Orc: D:9-12

Altars:
Ashenzari
Dithmenos
Gozag
Okawaru
Uskayaw
Vehumet
Wu Jian
Yredelemnul
The Shining One

Shops:
D:4 [   D:9 *


Innate Abilities, Weirdness & Mutations

You are immune to sickness and miasma.
Your stone body is resilient. (AC +10)
You are immune to poison.
Your large and strong wings let you fly.
You resist negative energy. (rN+)
You are resistant to electric shocks. (rElec)
You are resistant to unholy torment.
You are immune to petrification.


Message History

Your wings grow larger and stronger.
You block the hell hound's attack.
Things that are here:
a +0 giant club of flaming; a +0 great mace of flaming; a two-headed ogre corpse You slice the fire bat!!
Lightning courses through the fire bat!
You kill the fire bat!
Trog accepts your kill.
You slash the centaur! You slice the hell hound!!
The centaur closely misses you.
The centaur kicks you but does no damage.
The hell hound breathes flames at you. The blast of flame hits you.
The fire bat bites you but does no damage.
You slash the centaur! Lightning courses through the centaur!
You kill the centaur!
Trog accepts your kill.
You slash the fire bat! Lightning courses through the fire bat!
You kill the fire bat!
Trog accepts your kill.
You hit the hell hound. The hell hound closely misses you.
The hell hound bites you but does no damage.
You see here a +1 shortbow of flaming.
You feel a strong urge to attack something.
The hell hound bites you but does no damage.
The air gets thick with the scent of sulphur.
The hell hound closely misses you.
You slice the hell hound!!
Lightning courses through the hell hound!
You kill the hell hound!
Trog accepts your kill.
You are no longer berserk.
You are exhausted.
You feel yourself slow down.
You see here a hell hound corpse.
In the distance, the volcano erupts with a roar.
You are engulfed in blazing flames.
Ouch! That really hurt!
* * * LOW HITPOINT WARNING * * *
You are engulfed in blazing flames.
You die...

#§§≈§§≈.# #^~~~≈≈≈≈
§≈§§§.§.## ##.~.≈≈≈≈≈
#§≈§§§§§.####..~≈≈≈≈≈≈
≈#≈§≈§§.........~≈≈≈≈≈
≈≈≈≈≈≈≈..####..~~≈≈≈≈≈
≈≈≈≈☼≈§.##°○##.~~≈≈≈≈≈
#≈≈≈°☼○○#○○○○#..≈≈≈≈≈≈
§§§≈°○○°°°°°.#.~~≈≈≈≈≈
§≈≈≈°○○°#°○○@#.~≈~≈≈≈≈
§≈≈≈°§≈.##°°##.~.~≈≈≈≈
≈≈≈§§≈§..####..~~≈≈≈≈≈
≈≈≈≈≈§≈.........~≈≈≈≈≈
#≈≈≈≈§≈..####..~~≈≈≈≈≈
≈§≈≈≈§..##..##...≈≈≈≈≈
#≈§≈≈≈≈.#....#..~≈≈≈≈≈
≈#≈≈≈≈≈.#...)'.~.≈≈≈≈≈
≈≈≈≈§≈≈.#....#).~~≈≈≈≈


There were no monsters in sight!

Vanquished Creatures
  Rupert (Lair:5)
  Gastronok (Lair:2)
  Josephine (Lair:3)
  5 hydras
  A centaur warrior (D:8)
  A boulder beetle (Lair:2)
  A ghost crab (Lair:2)
  3 two-headed ogres (Volcano)
  Amaemon (Lair:3)
  2 skysharks
  3 spectral hydras (Lair:2)
  An oklob plant (Lair:3)
  A salamander (Volcano)
  2 black mambas (Lair:4)
  5 elephants (Lair:4)
  Maurice (D:10)
  A gargoyle (D:8)
  Maggie (D:9)
  7 cane toads
  10 komodo dragons
  A rime drake (Lair:3)
  An efreet (D:8)
  A tengu conjurer (D:8)
  A meliai (D:8)
  A troll (D:9)
  3 blink frogs (Lair:4)
  2 slime creatures (Lair:4)
  7 dream sheep (Lair:5)
  2 wyverns
  6 wraiths
  A basilisk (Lair:4)
  32 yaks
  3 fire bats (Volcano)
  A warg (shapeshifter) (D:8)
  A steam dragon (D:8)
  An acid dragon (D:8)
  A hell hound (Volcano)
  A spectral yak (Lair:2)
  8 water moccasins
  5 orc warriors
  2 black bears
  A sky beast (D:8)
  4 ice beasts
  11 wolves
  6 centaurs
  2 kobold brigands
  A phantom (D:6)
  11 bullfrogs
  5 scorpions
  3 wights (D:9)
  A killer bee (D:8)
  3 howler monkeys
  3 electric eels
  2 quasits (D:6)
  3 hounds
  2 jellies (Lair:4)
  6 orc priests
  2 sleepcaps
  2 iguanas (D:5)
  5 orc wizards
  4 gnolls
  9 adders
  6 river rats (Sewer)
  4 shadow imps
  6 white imps
  3 ufetubi (D:6)
  5 worms
  38 orcs
  8 ball pythons
  4 endoplasms
  5 giant cockroaches
  3 goblins
  5 hobgoblins
  34 kobolds
  5 quokkas
  3 bats
  A frilled lizard (D:1)
  A goblin skeleton (D:7)
  A goblin zombie (D:7)
  3 hobgoblin zombies (D:7)
  2 kobold skeletons (D:7)
  2 kobold zombies (D:7)
  2 orc zombies (D:7)
  28 rats
385 creatures vanquished.

Vanquished Creatures (collateral kills)
  A boulder beetle (D:8)
  An orange demon (Lair:3)
  A rime drake (Lair:2)
  3 yaks (D:7)
  A vampire mosquito (D:8)
  An orc warrior (D:7)
  2 scorpions (Lair:2)
  An orc priest (D:7)
  A shadow imp (D:6)
  2 white imps (D:6)
  2 worms (Lair:2)
  An orc (D:7)
  A giant cockroach (Lair:2)
18 creatures vanquished.

Vanquished Creatures (others)
  An orc wizard (D:8)
1 creature vanquished.

Grand Total: 404 creatures vanquished

Notes
Turn   | Place    | Note
-------+----------+-------------------------------------------
     0 | D:1      | Gargoyl the Gargoyle Berserker began the quest for the Orb.
     0 | D:1      | Reached XP level 1. HP: 14/14 MP: 1/1
   215 | D:1      | Reached XP level 2. HP: 19/19 MP: 2/2
   776 | D:2      | Reached skill level 3 in Axes
  1007 | D:2      | Reached ** piety under Trog
  1014 | D:2      | Identified the +3 falchion of Jozag {vamp, rF+ rN+ Will-}
  1078 | D:2      | Noticed a scorpion
  1082 | D:2      | Killed a scorpion
  1083 | D:2      | Reached XP level 3. HP: 16/24 MP: 3/3
  1083 | D:2      | Reached XP level 4. HP: 20/29 MP: 4/4
  1502 | D:2      | Found a faded altar of an unknown god.
  1804 | D:3      | Found an opulent altar of Gozag.
  1924 | D:3      | Found a basalt altar of Yredelemnul.
  2159 | D:3      | Reached XP level 5. HP: 33/33 MP: 5/5
  2249 | D:3      | Reached skill level 1 in Long Blades
  2458 | D:3      | Reached XP level 6. HP: 33/38 MP: 6/6
  2671 | D:4      | Found Yting's Armour Shoppe.
  2692 | D:4      | Found a glowing drain.
  2733 | Sewer    | Entered a sewer
  2746 | Sewer    | Reached *** piety under Trog
  3149 | Sewer    | Reached XP level 7. HP: 42/43 MP: 7/7
  3350 | D:4      | Found the +7 Kryia's mail coat {PotionHeal*2 rC+}
  3448 | D:4      | Found an iron altar of Okawaru.
  3448 | D:4      | Found an ornate altar of the Wu Jian Council.
  3448 | D:4      | Found a hide-covered altar of Uskayaw.
  3576 | D:5      | Entered Level 5 of the Dungeon
  3593 | D:5      | Reached skill level 5 in Armour
  3595 | D:5      | Identified a scroll of acquirement
  3595 | D:5      | Acquired a +6 broad axe of electrocution
  3678 | D:5      | Reached **** piety under Trog
  3701 | D:5      | Found a radiant altar of Vehumet.
  3996 | D:5      | Reached skill level 4 in Axes
  4030 | D:5      | Reached XP level 8. HP: 45/48 MP: 8/8
  4511 | D:6      | Found a shadowy altar of Dithmenos.
  4568 | D:6      | Reached skill level 5 in Axes
  4793 | D:6      | Reached skill level 1 in Stealth
  5166 | D:7      | Noticed a yak
  5166 | D:7      | Noticed a yak
  5166 | D:7      | Noticed a yak
  5166 | D:7      | Noticed a yak
  5167 | D:7      | Noticed a yak
  5174 | D:7      | Killed a yak
  5175 | D:7      | Reached skill level 5 in Fighting
  5175 | D:7      | Reached skill level 6 in Axes
  5175 | D:7      | Reached XP level 9. HP: 46/54 MP: 9/9
  5178 | D:7      | Reached skill level 7 in Axes
  5295 | D:7      | Found a broken altar of Ashenzari.
  5331 | D:7      | Found a glowing golden altar of the Shining One.
  5389 | D:7      | Found a staircase to the Ecumenical Temple.
  5761 | D:8      | Reached skill level 8 in Axes
  5930 | D:8      | Reached XP level 10. HP: 60/60 MP: 10/10
  5943 | D:8      | Reached ***** piety under Trog
  6222 | D:8      | Reached skill level 1 in Shields
  6370 | D:8      | Noticed a gargoyle
  6377 | D:8      | Killed a gargoyle
  6549 | D:8      | Noticed a centaur warrior
  6556 | D:8      | Reached skill level 9 in Axes
  6562 | D:8      | Killed a centaur warrior
  6591 | D:8      | Noticed a boulder beetle
  6618 | D:8      | Killed a boulder beetle
  6641 | D:8      | Reached skill level 10 in Axes
  6818 | D:8      | Reached skill level 10 in Armour
  7422 | D:9      | Found a staircase to the Lair.
  7427 | D:9      | Reached XP level 11. HP: 63/66 MP: 11/11
  7435 | D:9      | Noticed Maggie
  7438 | D:9      | Paralysed by Maggie for 5 turns
  7450 | D:9      | Killed Maggie
  7844 | D:9      | You fall into a shaft and drop 2 floors!
  7847 | D:10     | Entered Level 10 of the Dungeon
  7850 | D:10     | Noticed Maurice
  7855 | D:10     | Killed Maurice
  8098 | D:9      | Found Gaqeqigg's General Store.
  8236 | Lair:1   | Entered Level 1 of the Lair of Beasts
  8472 | Lair:1   | Received a gift from Trog
  9245 | Lair:2   | Reached skill level 11 in Axes
  9340 | Lair:2   | Noticed a boulder beetle
  9351 | Lair:2   | Killed a boulder beetle
  9533 | Lair:2   | Noticed a four-headed hydra
  9536 | Lair:2   | Noticed a six-headed hydra
  9546 | Lair:2   | Killed a one-headed hydra
  9547 | Lair:2   | Reached skill level 1 in Throwing
  9550 | Lair:2   | Reached XP level 12. HP: 41/73 MP: 12/12
  9552 | Lair:2   | Killed a one-headed hydra
  9693 | Lair:2   | Reached skill level 12 in Axes
  9705 | Lair:2   | Noticed Gastronok
  9725 | Lair:2   | Killed Gastronok
  9784 | Lair:2   | Found a hole to the Spider Nest.
  9951 | Lair:2   | Found a staircase to the Swamp.
  9951 | Lair:2   | Noticed a ghost crab
  9965 | Lair:2   | Killed a ghost crab
 10128 | Lair:2   | Noticed a skyshark
 10137 | Lair:2   | Killed a skyshark
 10702 | Lair:3   | Reached skill level 13 in Axes
 10704 | Lair:3   | Found a glowing golden altar of the Shining One.
 10976 | Lair:3   | Noticed Josephine
 10991 | Lair:3   | Killed Josephine
 10992 | Lair:3   | Reached skill level 5 in Shields
 10992 | Lair:3   | Reached XP level 13. HP: 80/80 MP: 13/13
 11173 | Lair:3   | Noticed Amaemon
 11187 | Lair:3   | Killed Amaemon
 11875 | Lair:4   | Reached skill level 14 in Axes
 11907 | Lair:4   | Reached skill level 5 in Dodging
 12090 | Lair:4   | Found a staircase to the Slime Pits.
 12308 | Lair:4   | Reached skill level 10 in Fighting
 12958 | Lair:5   | Entered Level 5 of the Lair of Beasts
 12960 | Lair:5   | Noticed Rupert
 12979 | Lair:5   | Killed Rupert
 13072 | Lair:5   | Found a dark tunnel.
 13077 | Volcano  | Entered a volcano
 13313 | Volcano  | Gained mutation: Your large and strong wings let you fly.
                  | [Gargoyle growth]
 13313 | Volcano  | Reached XP level 14. HP: 78/88 MP: 14/14
 13321 | Volcano  | HP: 1/88 [something (48)]
 13322 | Volcano  | Engulfed by a cloud of flame

Illustrated notes

Levels and vault maps discovered:
D:1:      lightli_arrival_isolated_outpost, layout_basic
D:2:      layout_loops_corners, basic_ecumenical_altar, grunt_decor_arrowhead,
          minivault_25
D:3:      minmay_angry_zag, layout_basic, mainiacjoe_overflow_cross_hatched,
          lemuel_round_altar
D:4:      layout_rooms, gammafunk_temple_overflow_forgotten, serial_shops, shop,
          portal_sewer_entry_f
D:5:      layout_basic, mainiacjoe_overflow_24_doors
D:6:      layout_cave_pools, mainiacjoe_overflow_six_doors_small,
          serial_demonic, serial_demonic_b, serial_demonic_d, serial_demonic_a,
          serial_demonic_b, serial_demonic_f, serial_demonic_e,
          serial_demonic_c, serial_demonic_a, st_stairs_2, nicolae_the_louvre
D:7:      layout_rooms, nicolae_tso_besieged_by_evil,
          mainiacjoe_overflow_tiny_flanked, minmay_temple_entry_junction,
          corexii_corridor_pit
D:8:      layout_layer_cave, special_room [special_room_orc],
          kennysheep_nondescript, minmay_shattered_shrine
D:9:      layout_loops_ring, lair_entry_dummy, serial_shops, shop, uniq_maggie
D:10:     layout_irregular_city, nicolae_overflow_crystal_walls,
          nemelex_spade_bored_becter, minitemple, erik_orc_1,
          ebering_ghost_reflecting_pool, serial_shops,
          nicolae_shop_hallway_plus, evilmike_butchery, uniq_maurice
D:11:     nicolae_cairo_tiling_very_big, layout_cross, uniq_lodul
Lair:1:   layout_loops_ring
Lair:2:   layout_gridlike, nicolae_swamp_entry_spooky,
          nicolae_spider_entry_non_spiders, amcnicky_mini_pool_medium,
          uniq_gastronok
Lair:3:   layout_roguey, lemuel_oklob_altar, uniq_josephine, uniq_amaemon
Lair:4:   layout_loops_ring, minmay_slime_entry_pillars, serial_bayou,
          serial_bayou_lake_a, serial_bayou_pond_c, serial_bayou_shore_a,
          serial_bayou_crossing, serial_bayou_ford_a, gauntlet_entry_generic
Lair:5:   wormcave, layout_layer_cave, guppyfry_lair_end_dragon,
          enter_volcano_4, uniq_rupert
Volcano:  volcano_village

Skill      XL: |  1  2  3  4  5  6  7  8  9 10 11 12 13 |
---------------+----------------------------------------+-----
Axes           | 3 4 6 8 10 11 13 14 | 14.9
Armour         | 3 4 6 7 9 10 11 12 13 | 13.2
Long Blades    | 2 3 |  3.8
Fighting       | 4 5 6 8 9 10 | 10.7
Dodging        | 2 3 4 5 |  5.4
Stealth        | 1 2 |  2.6
Shields        | 3 4 5 |  5.6
Throwing       | 1 |  1.2

Action                     |  1- 3 |  4- 6 |  7- 9 | 10-12 | 13-15 || total
---------------------------+-------+-------+-------+-------+-------++-------
  Melee: Hand axe          |    65 |       |       |       |       ||    65
         Punch             |     1 |     2 |     2 |     3 |     3 ||    11
         Falchion          |     4 |   289 |    24 |       |       ||   317
         Broad axe         |       |       |   177 |   319 |   128 ||   624
         War axe           |       |       |       |    12 |    55 ||    67
  Throw: Dart              |       |       |       |     4 |       ||     4
 Invoke: Berserk           |       |     2 |     3 |     8 |     3 ||    16
         Trog's Hand       |       |       |     2 |     3 |     4 ||     9
         Brothers in Arms  |       |       |     2 |     2 |     2 ||     6
    Use: Scroll            |     4 |     4 |     2 |    15 |     2 ||    27
         Potion            |       |       |       |       |     1 ||     1
   Stab: Distracted        |       |       |     1 |     1 |       ||     2
 Armour: Animal skin       |    22 |       |       |       |       ||    22
         Chain mail        |     3 |   305 |    12 |       |       ||   320
         Scale mail        |       |       |   182 |   234 |   193 ||   609
         Skin              |       |       |       |     1 |       ||     1
  Dodge: Dodged            |    59 |   193 |   158 |   193 |   165 ||   768
  Block: Other             |       |       |    22 |   103 |    58 ||   183
         Reflection        |       |       |     3 |     7 |       ||    10

Table legend: (Time is in decaauts)
 A = Elapsed time spent in this place.
 B = Non-inter-level travel time spent in this place.
 C = Inter-level travel time spent in this place.
 D = Time resting spent in this place.
 E = Time spent auto-exploring this place.
 F = Levels seen in this place.
 G = Mean time per level.
                   A        B        C        D        E       F      G
               +--------+--------+--------+--------+--------+-----+--------+
         Total |  13680 |  13116 |    564 |    656 |   9181 |  18 |  760.0 |
       Dungeon |   7967 |   7591 |    376 |    293 |   5268 |  11 |  724.3 |
          Lair |   4878 |   4690 |    188 |    243 |   3555 |   5 |  975.6 |
         Sewer |    594 |    594 |      0 |      0 |    267 |   1 |  594.0 |
       Volcano |    240 |    240 |      0 |    120 |     90 |   1 |  240.0 |
               +--------+--------+--------+--------+--------+-----+--------+

Top non-repeatable levels by time:
  Lair:4: 1793 daAuts
     D:8: 1664 daAuts
  Lair:2: 1235 daAuts
     D:2: 1021 daAuts
  Lair:1: 887 daAuts
     D:6: 860 daAuts
     D:5: 838 daAuts
  Lair:3: 837 daAuts
     D:9: 822 daAuts
     D:1: 787 daAuts
     D:3: 668 daAuts
     D:4: 618 daAuts
   Sewer: 594 daAuts
     D:7: 538 daAuts
 Volcano: 240 daAuts
